 Dungeon Crawl Stone Soup version 0.30-a0-1082-g70414cbcbb (webtiles) character file.

Game seed: 9737107768990563027

95 Arzdou the Magician (level 4, -6/24 HPs)
             Began as a Deep Elf Fire Elementalist on Apr 15, 2023.
             Was an Initiate of Vehumet.
             Mangled by an orc priest
             ... wielding a +0 morningstar
              (7 damage)
             ... on level 4 of the Dungeon.
             The game lasted 00:05:35 (3119 turns).

Arzdou the Magician (Deep Elf Fire Elementalist)    Turns: 3119, Time: 00:05:35

Health: -6/24      AC:  3    Str:  5    XL:     4   Next: 40%
Magic:  3/12       EV: 13    Int: 22    God:    Vehumet [......]
Gold:   179        SH:  0    Dex: 15    Spells: 9/12 levels left

rFire   . . .      SeeInvis .    h - +1 dagger
rCold   . . .      Faith    .    (no shield)
rNeg    . . .      Spirit   .    a - +0 robe
rPois   .          Reflect  .    (no helmet)
rElec   .          Rampage  .    g - scarf {+Inv}
rCorr   .                        m - +0 pair of gloves
Will    .....                    (no boots)
Stlth   ++                       (no amulet)
HPRegen 0.24/turn                (no ring)
MPRegen 0.13/turn                (no ring)

@: no status effects
A: no striking features
a: Renounce Religion, Evoke Invisibility


You were on level 4 of the Dungeon.
You worshipped Vehumet.
Vehumet was noncommittal.
You visited 1 branch of the dungeon, and saw 4 of its levels.

You collected 179 gold pieces.

Inventory:

Hand Weapons
 h - a +1 dagger (weapon)
Armour
 a - a +0 robe (worn)
 g - a scarf of invisibility (worn)
 m - a +0 pair of gloves (worn)
Scrolls
 e - a scroll of summoning {unknown}
 f - a scroll of amnesia {unknown}
 i - 2 scrolls of immolation {unknown}
 l - 7 scrolls of identify {unknown}
 n - 2 scrolls of teleportation {unknown}
 p - a scroll of enchant armour {unknown}
 q - a scroll of enchant weapon
 r - a scroll of blinking {unknown}
 s - a scroll of vulnerability {unknown}
Potions
 b - 2 potions of magic
 c - 2 potions of curing {unknown}
 d - 2 potions of mutation {unknown}
 j - 2 potions of degeneration {unknown}
 k - 2 potions of flight {unknown}


   Skills:
 + Level 0.1 Fighting
 + Level 0.3 Short Blades
 + Level 2.7 Dodging
 + Level 3.1 Stealth
 + Level 4.5 Spellcasting
 + Level 1.3 Conjurations
 + Level 4.3 Fire Magic


You had 9 spell levels left.
You knew the following spells:

 Your Spells              Type           Power      Damage    Failure   Level
a - Foxfire               Conj/Fire      68%        2x1d7     3%          1
b - Scorch                Fire           48%        2d7       2%          2

Your spell library contained the following spells:

 Spells                   Type           Power      Damage    Failure   Level
 Inner Flame              Hex/Fire       14%        N/A       13%         3
 Volatile Blastmotes      Fire/Tloc      28%        2d12      13%         3
 Flame Wave               Conj/Fire      17%        2d7       32%         4


Dungeon Overview and Level Annotations

Branches:
Dungeon (4/15)
 Temple: D:4-7

Altars:
Vehumet


Message History

The orc priest's fire resistance burns away.
A hobgoblin comes into view.
Casting: Scorch (safe; 2% risk of failure)
Confirm with . or Enter, or press ? or * to list all spells.
Flames lash the orc priest.
The orc priest is burned terribly!
The orc priest is almost dead.
The hobgoblin shouts!
The orc priest invokes the aid of Beogh against you.
Beogh smites you!
Ouch! That really hurt!
The orc hits you from afar with a +0 trident.
The orc completely misses you. The orc priest misses you.
Casting: Scorch (safe; 2% risk of failure)
Confirm with . or Enter, or press ? or * to list all spells.
Flames lash the orc.
The orc is heavily wounded.
The orc's fire resistance burns away.
The orc priest barely misses you. The orc barely misses you.
The orc closely misses you.
The orc priest hits you with a +0 morningstar!
* * * LOW HITPOINT WARNING * * *
You barely miss the orc priest.
The orc priest is almost dead.
A dart slug comes into view.
The orc hits you from afar with a +0 trident.
* * * LOW HITPOINT WARNING * * *
The orc priest calls upon Beogh to heal the orc.
The orc's wounds heal themselves!
As you read the scroll labelled KORUIC DYNA, it crumbles to dust.
It is a scroll of enchant weapon.
Your +0 dagger glows red for a moment.
The orc is no longer more vulnerable to fire.
The orc priest hits you with a +0 morningstar.
* * * LOW HITPOINT WARNING * * *
The orc closely misses you.
The air fills with toxic fumes!
As you read the scroll labelled QUTZOA YNWA, it crumbles to dust.
It was a scroll of poison.
The orc completely misses you.
The orc priest hits you with a +0 morningstar!
You die...

#.... §§§§§§ .§§#§ #...
§§§§§§ #§§§# #.##
§§§§§§##§#§ .....
§§§§§§§§§§## .....
§§§§§§§§§§§## ##...
§§§§§§§§§§§§# #.
§§§§§§§§§§§§######## ##
§§§§§§g@§§§§§§§....## ##
§§§§§§§o§§§§§§§.....###.
§§§§wo§§§§§§§§§.........
§§§§§§§§§§§§§§§......##.
§§§§§§§§§§§§§§§......#..
§§§§#§§§§§§§§§§......#..
§w§§##§§§§§§§§§.........
§§§ #§§§§§§§§§......##.
##.............###.


You could see a worm, an orc priest (combustible), a dart slug, an orc and a
hobgoblin.

Vanquished Creatures
  Terence (D:2)
  A worm (D:4)
  2 dart slugs (D:3)
  3 orcs
  4 ball pythons
  5 endoplasms
  3 giant cockroaches
  5 goblins
  8 hobgoblins
  3 jackals (D:2)
  2 kobolds
  4 quokkas
  3 bats
  7 frilled lizards
  4 rats
55 creatures vanquished.

Vanquished Creatures (others)
  32 foxfires
32 creatures vanquished.

Grand Total: 87 creatures vanquished

Notes
Turn   | Place    | Note
-------+----------+-------------------------------------------
     0 | D:1      | Arzdou the Deep Elf Fire Elementalist began the quest for
                  | the Orb.
     0 | D:1      | Reached XP level 1. HP: 10/10 MP: 6/6
   216 | D:1      | Reached XP level 2. HP: 15/15 MP: 6/8
   219 | D:1      | Learned a level 2 spell: Scorch
  1026 | D:2      | Reached XP level 3. HP: 19/19 MP: 7/10
  1257 | D:2      | Noticed Terence
  1264 | D:2      | Killed Terence
  1607 | D:2      | Reached XP level 4. HP: 24/24 MP: 4/12
  2844 | D:4      | Found a radiant altar of Vehumet.
  2958 | D:4      | Became a worshipper of Vehumet
  3118 | D:4      | HP: 1/24 [orc priest/+0 morningstar (3)]
  3119 | D:4      | Mangled by an orc priest

Illustrated notes

Levels and vault maps discovered:
D:1:      dpeg_arrival_boxorama, layout_rooms
D:2:      minmay_alternating_diamond, layout_loops_ring, serial_glass,
          glass_columns_a, glass_columns_a, uniq_terence
D:3:      layout_basic
D:4:      layout_rooms, nicolae_vehumet_radiance, due_unseen_surprise

Skill      XL: |  1  2  3 |
---------------+----------+-----
Stealth        | 3 |  3.1
Spellcasting   | 4 |  4.5
Fire Magic     | 4 |  4.3
Fighting       | |  0.1
Short Blades   | |  0.3
Dodging        | |  2.7
Conjurations   | |  1.3

Action                     |  1- 3 |  4- 6 || total
---------------------------+-------+-------++-------
  Melee: Unarmed           |     1 |       ||     1
         Dagger            |    24 |     1 ||    25
   Cast: Foxfire           |    16 |     4 ||    20
         Scorch            |    27 |    22 ||    49
    Use: Scroll            |       |     2 ||     2
   Stab: Sleeping          |     1 |       ||     1
 Armour: Robe              |     7 |     2 ||     9
  Dodge: Dodged            |    26 |     9 ||    35

Table legend: (Time is in decaauts)
 A = Elapsed time spent in this place.
 B = Non-inter-level travel time spent in this place.
 C = Inter-level travel time spent in this place.
 D = Time resting spent in this place.
 E = Time spent auto-exploring this place.
 F = Levels seen in this place.
 G = Mean time per level.
                   A        B        C        D        E       F      G
               +--------+--------+--------+--------+--------+-----+--------+
         Total |   3117 |   3061 |     56 |      0 |   2641 |   4 |  779.2 |
       Dungeon |   3117 |   3061 |     56 |      0 |   2641 |   4 |  779.2 |
               +--------+--------+--------+--------+--------+-----+--------+

Top non-repeatable levels by time:
     D:3: 1104 daAuts
     D:2: 1005 daAuts
     D:1: 730 daAuts
     D:4: 276 daAuts
